General information
- name: BNet
- type: Ladder team game (AT/RT)
- host: Battle.net
- saver: nancypelosi
map: FullScaleAssault
- players: 8
- length: 25:26
- speed: Fast
- version: 1.23 W3XP
- replay type: Public
» download(186 KB)
Players
team 1 (loser)

»
scnet43 (
yellow | 109 APM | 2779 actions | 25:26)
6 Mountain King
3 Storm Bolt
2 Bash
1 Avatar
» actions
| Assign group hotkey | 64 | |
| Basic commands | 27 | |
| Build / train | 65 | |
| ESC pressed | 1 | |
| Enter build submenu | 21 | |
| Enter hero's abilities submenu | 6 | |
| Give item / drop item | 2 | |
| Remove unit from queue | 1 | |
| Right click | 766 | |
| Select / deselect | 263 | |
| Select group hotkey | 1508 | |
| Use ability | 55 | |
2779 total
» units
| Peasant | 15 | |
| Footman | 14 | |
| Priest | 2 | |
| Spell Breaker | 2 | |
| Rifleman | 4 | |
| Siege Engine | 2 | |
39 total
» upgrades
| Defend | 1 | |
| Plating | 1 | |
| Priest Training | 1 | |
| Lumber Harvesting | 1 | |
| Long Rifles | 1 | |
| Barrage | 1 | |
| Gunpowder | 1 | |
7 total
» buildings
| Altar of Kings | 1 | |
| Barracks | 1 | |
| Farm | 7 | |
| Arcane Vault | 1 | |
| Keep | 1 | |
| Blacksmith | 1 | |
| Lumber Mill | 1 | |
| Scout Tower | 4 | |
| Arcane Tower | 3 | |
| Guard Tower | 1 | |
| Arcane Sanctum | 1 | |
| Castle | 1 | |
| Workshop | 2 | |
| Town Hall | 1 | |
26 total
» build order
00:08 Altar of Kings
00:20 Barracks
00:36 Farm
00:51 Farm
01:46 Farm
02:38 Arcane Vault
03:55 Keep
04:00 Blacksmith
04:28 Farm
04:32 Lumber Mill
04:55 Scout Tower
05:00 Scout Tower
05:40 Arcane Tower
05:44 Guard Tower
08:05 Arcane Sanctum
08:11 Scout Tower
08:12 Scout Tower
08:44 Arcane Tower
08:47 Arcane Tower
10:32 Farm
11:24 Farm
12:48 Castle
14:41 Workshop
14:43 Workshop
17:10 Farm
19:43 Town Hall
» items
| Scroll of Regeneration | 2 | |
| Lesser Clarity Potion | 1 | |
| Potion of Healing | 1 | |
4 total

»
Fym (
pink | 85 APM | 2147 actions | 25:16)
5 Mountain King
3 Storm Bolt
2 Bash
4 Paladin
2 Holy Light
1 Devotion Aura
1 Divine Shield
» actions
| Assign group hotkey | 27 | |
| Basic commands | 142 | |
| Build / train | 59 | |
| ESC pressed | 1 | |
| Enter build submenu | 19 | |
| Enter hero's abilities submenu | 11 | |
| Remove unit from queue | 1 | |
| Right click | 769 | |
| Select / deselect | 168 | |
| Select group hotkey | 897 | |
| Use ability | 53 | |
2147 total
» units
| Peasant | 8 | |
| Rifleman | 9 | |
| Flying Machine | 13 | |
30 total
» upgrades
» buildings
| Altar of Kings | 1 | |
| Farm | 11 | |
| Blacksmith | 1 | |
| Barracks | 1 | |
| Scout Tower | 1 | |
| Lumber Mill | 1 | |
| Arcane Vault | 1 | |
| Guard Tower | 2 | |
| Keep | 1 | |
| Workshop | 2 | |
| Castle | 3 | |
25 total
» build order
00:06 Altar of Kings
00:21 Farm
00:49 Blacksmith
01:05 Barracks
01:33 Farm
01:41 Scout Tower
02:28 Farm
02:30 Farm
02:48 Lumber Mill
03:09 Arcane Vault
03:54 Farm
04:23 Guard Tower
04:58 Farm
05:02 Farm
05:58 Keep
07:20 Farm
07:22 Farm
08:33 Workshop
08:35 Workshop
08:37 Farm
08:39 Farm
12:05 Castle
12:06 Castle
12:06 Castle
» items
| Scroll of Regeneration | 1 | |
| Lesser Clarity Potion | 1 | |
2 total

»
ShadowMage (
teal | 46 APM | 1169 actions | 25:26)
4 Death Knight
2 Death Coil
2 Unholy Aura
2 Lich
1 Frost Nova
1 Dark Ritual
» actions
| Assign group hotkey | 7 | |
| Basic commands | 37 | |
| Build / train | 81 | |
| Enter build submenu | 19 | |
| Enter hero's abilities submenu | 6 | |
| Remove unit from queue | 4 | |
| Right click | 618 | |
| Select / deselect | 269 | |
| Select group hotkey | 73 | |
| Use ability | 55 | |
1169 total
» units
| Acolyte | 24 | |
| Ghoul | 5 | |
| Crypt Fiend | 20 | |
| Gargoyle | 5 | |
| Frost Wyrm | 2 | |
56 total
» upgrades
» buildings
| Graveyard | 1 | |
| Crypt | 1 | |
| Ziggurat | 7 | |
| Altar of Darkness | 1 | |
| Tomb of Relics | 1 | |
| Spirit Tower | 1 | |
| Halls of the Dead | 1 | |
| Black Citadel | 1 | |
| Sacrificial Pit | 1 | |
| Necropolis | 1 | |
| Boneyard | 1 | |
17 total
» build order
00:16 Graveyard
00:18 Crypt
00:43 Ziggurat
01:09 Altar of Darkness
01:12 Tomb of Relics
02:01 Ziggurat
03:36 Ziggurat
04:52 Spirit Tower
05:55 Ziggurat
06:54 Halls of the Dead
07:49 Ziggurat
11:30 Black Citadel
11:35 Sacrificial Pit
11:41 Ziggurat
13:20 Necropolis
21:03 Boneyard
21:07 Ziggurat
» items
| Rod of Necromancy | 1 | |
| Scroll of Town Portal | 4 | |
5 total
nancypelosi (
green | 60 APM | 1522 actions | 25:26)
4 Archmage
2 Summon Water Elemental
2 Brilliance Aura
1 Paladin
1 Holy Light
» actions
| Assign group hotkey | 30 | |
| Basic commands | 9 | |
| Build / train | 46 | |
| ESC pressed | 2 | |
| Enter build submenu | 23 | |
| Enter hero's abilities submenu | 6 | |
| Remove unit from queue | 1 | |
| Right click | 653 | |
| Select / deselect | 248 | |
| Select group hotkey | 452 | |
| Use ability | 52 | |
1522 total
» units
| Peasant | 9 | |
| Footman | 9 | |
| Knight | 2 | |
| Rifleman | 9 | |
29 total
» upgrades
| Defend | 1 | |
| Animal War Training | 1 | |
| Swords | 1 | |
| Plating | 1 | |
4 total
» buildings
| Altar of Kings | 2 | |
| Barracks | 2 | |
| Farm | 11 | |
| Lumber Mill | 1 | |
| Arcane Vault | 1 | |
| Scout Tower | 3 | |
| Guard Tower | 2 | |
| Keep | 1 | |
| Castle | 1 | |
| Blacksmith | 1 | |
| Gryphon Aviary | 2 | |
| Town Hall | 1 | |
28 total
» build order
00:03 Altar of Kings
00:22 Barracks
00:36 Farm
01:19 Farm
01:56 Farm
02:00 Lumber Mill
02:08 Arcane Vault
02:48 Scout Tower
03:19 Farm
03:19 Farm
03:21 Guard Tower
04:14 Keep
05:01 Barracks
06:49 Castle
06:51 Farm
06:51 Farm
09:06 Blacksmith
12:29 Farm
12:30 Farm
12:30 Farm
12:31 Farm
12:35 Gryphon Aviary
12:38 Gryphon Aviary
15:17 Town Hall
15:25 Scout Tower
15:26 Scout Tower
16:47 Guard Tower
19:42 Altar of Kings
» items
team 2 (winner)
eV.Sheriff (
red | 73 APM | 1865 actions | 25:26)
5 Priestess of the Moon
2 Searing Arrows
3 Trueshot Aura
5 Firelord
3 Summon Lava Spawn
2 Soul Burn
4 Shadow Hunter
2 Hex
2 Healing Wave
2 Blademaster
1 Wind Walk
1 Critical Strike
» actions
| Assign group hotkey | 62 | |
| Basic commands | 79 | |
| Build / train | 61 | |
| ESC pressed | 1 | |
| Enter build submenu | 17 | |
| Enter hero's abilities submenu | 16 | |
| Give item / drop item | 3 | |
| Right click | 881 | |
| Select / deselect | 305 | |
| Select group hotkey | 329 | |
| Use ability | 111 | |
1865 total
» units
| Wisp | 18 | |
| Huntress | 7 | |
| Wind Rider | 5 | |
| Peon | 1 | |
31 total
» upgrades
| Ranged Weapons | 2 | |
| Envenomed Spears | 1 | |
| Armor | 2 | |
5 total
» buildings
| Altar of Elders | 1 | |
| Moon Well | 4 | |
| Hunter's Hall | 1 | |
| Ancient of War | 1 | |
| Tree of Ages | 1 | |
| Ancient Protector | 2 | |
| Tree of Life | 1 | |
| Watch Tower | 7 | |
18 total
» build order
00:06 Altar of Elders
00:18 Moon Well
01:49 Hunter's Hall
01:51 Ancient of War
01:53 Moon Well
02:46 Tree of Ages
03:22 Moon Well
05:02 Moon Well
05:55 Ancient Protector
05:56 Ancient Protector
08:28 Tree of Life
23:25 Watch Tower
23:27 Watch Tower
23:28 Watch Tower
23:29 Watch Tower
23:30 Watch Tower
23:31 Watch Tower
23:31 Watch Tower
» items
My.Little.Pony. (
blue | 32 APM | 296 actions | 09:20)
2 Blademaster
1 Wind Walk
1 Critical Strike
» actions
| Basic commands | 3 | |
| Build / train | 21 | |
| Enter build submenu | 11 | |
| Enter hero's abilities submenu | 2 | |
| Right click | 142 | |
| Select / deselect | 95 | |
| Use ability | 22 | |
296 total
» units
» buildings
| Altar of Storms | 1 | |
| Orc Burrow | 4 | |
| Barracks | 1 | |
| Voodoo Lounge | 1 | |
| Stronghold | 1 | |
| War Mill | 1 | |
| Fortress | 1 | |
| Beastiary | 2 | |
12 total
» build order
00:16 Altar of Storms
00:19 Orc Burrow
00:27 Barracks
01:37 Orc Burrow
02:19 Voodoo Lounge
02:48 Orc Burrow
03:41 Stronghold
05:20 War Mill
06:57 Fortress
07:00 Beastiary
07:03 Beastiary
09:15 Orc Burrow
» items
KNIFE]NOOBELF (
orange | 95 APM | 2404 actions | 25:26)
5 Death Knight
3 Death Coil
2 Unholy Aura
4 Pit Lord
2 Howl of Terror
2 Rain of Fire
4 Lich
2 Frost Nova
2 Frost Armor
» actions
| Assign group hotkey | 162 | |
| Basic commands | 38 | |
| Build / train | 60 | |
| ESC pressed | 2 | |
| Enter build submenu | 27 | |
| Enter hero's abilities submenu | 14 | |
| Give item / drop item | 3 | |
| Remove unit from queue | 2 | |
| Right click | 1122 | |
| Select / deselect | 204 | |
| Select group hotkey | 681 | |
| Use ability | 89 | |
2404 total
» units
| Acolyte | 7 | |
| Ghoul | 2 | |
| Crypt Fiend | 1 | |
| Goblin Shredder | 2 | |
| Frost Wyrm | 6 | |
| Troll Batrider | 4 | |
| Troll Witch Doctor | 2 | |
24 total
» upgrades
| Creature Attack | 2 | |
| Creature Carapace | 1 | |
| Witch Doctor Training | 1 | |
4 total
» buildings
| Graveyard | 2 | |
| Crypt | 1 | |
| Ziggurat | 9 | |
| Altar of Darkness | 1 | |
| Tomb of Relics | 1 | |
| Halls of the Dead | 1 | |
| Nerubian Tower | 1 | |
| Necropolis | 1 | |
| Black Citadel | 2 | |
| Sacrificial Pit | 1 | |
| Boneyard | 4 | |
| Beastiary | 1 | |
| Orc Burrow | 2 | |
| Spirit Tower | 3 | |
| Voodoo Lounge | 2 | |
| Spirit Lodge | 1 | |
33 total
» build order
00:08 Graveyard
00:15 Crypt
00:36 Ziggurat
00:53 Altar of Darkness
01:23 Ziggurat
01:29 Tomb of Relics
02:45 Halls of the Dead
02:48 Nerubian Tower
03:51 Necropolis
04:44 Ziggurat
05:24 Black Citadel
05:25 Black Citadel
06:42 Sacrificial Pit
07:48 Boneyard
07:49 Boneyard
07:51 Boneyard
07:58 Ziggurat
07:59 Ziggurat
08:03 Ziggurat
08:22 Boneyard
08:47 Ziggurat
08:48 Ziggurat
08:55 Graveyard
09:31 Beastiary
09:32 Orc Burrow
09:33 Orc Burrow
13:27 Spirit Tower
13:28 Spirit Tower
15:35 Voodoo Lounge
15:38 Voodoo Lounge
20:57 Ziggurat
21:11 Spirit Lodge
23:30 Spirit Tower
» items
| Rod of Necromancy | 1 | |
| Orb of Corruption | 1 | |
| Scroll of Town Portal | 4 | |
6 total

»
UnholydreadlorD (
purple | 46 APM | 1170 actions | 25:26)
5 Blood Mage
3 Flame Strike
2 Banish
» actions
| Assign group hotkey | 3 | |
| Basic commands | 16 | |
| Build / train | 105 | |
| Enter build submenu | 38 | |
| Enter hero's abilities submenu | 5 | |
| Give item / drop item | 2 | |
| Right click | 427 | |
| Select / deselect | 185 | |
| Select group hotkey | 288 | |
| Use ability | 101 | |
1170 total
» units
| Peasant | 55 | |
| Wind Rider | 2 | |
| Peon | 3 | |
| Troll Witch Doctor | 1 | |
| Troll Batrider | 2 | |
| Goblin Shredder | 1 | |
64 total
» upgrades
| Witch Doctor Training | 1 | |
| Ensnare | 1 | |
| Liquid Fire | 1 | |
| Masonry | 1 | |
| Lumber Harvesting | 1 | |
5 total
» buildings
| Lumber Mill | 3 | |
| Farm | 4 | |
| Altar of Kings | 3 | |
| Scout Tower | 16 | |
| Arcane Vault | 1 | |
| Guard Tower | 6 | |
| Town Hall | 3 | |
| Keep | 4 | |
| Spirit Lodge | 2 | |
| War Mill | 1 | |
| Orc Burrow | 1 | |
| Castle | 1 | |
45 total
» build order
00:27 Lumber Mill
00:44 Farm
00:57 Altar of Kings
01:12 Farm
01:23 Scout Tower
01:47 Scout Tower
01:54 Arcane Vault
02:09 Guard Tower
02:22 Guard Tower
04:04 Town Hall
04:05 Scout Tower
04:07 Scout Tower
04:49 Scout Tower
04:50 Scout Tower
04:52 Scout Tower
05:17 Guard Tower
05:17 Guard Tower
07:45 Keep
07:46 Guard Tower
08:31 Keep
09:53 Spirit Lodge
09:53 Spirit Lodge
10:28 War Mill
11:41 Town Hall
11:43 Scout Tower
11:44 Scout Tower
12:37 Scout Tower
13:14 Orc Burrow
14:04 Farm
14:05 Farm
14:07 Altar of Kings
14:09 Lumber Mill
16:42 Scout Tower
16:43 Scout Tower
17:10 Scout Tower
17:42 Guard Tower
20:02 Keep
22:09 Altar of Kings
23:18 Castle
23:23 Lumber Mill
23:29 Keep
24:17 Town Hall
25:09 Scout Tower
25:10 Scout Tower
25:11 Scout Tower
» items
| Scroll of Regeneration | 1 | |
| Lesser Clarity Potion | 4 | |
| Mechanical Critter | 2 | |
| Healing Salve | 2 | |
| Staff of Teleportation | 1 | |
| Boots of Speed | 1 | |
| Scroll of Town Portal | 2 | |
| Tiny Great Hall | 5 | |
| Potion of Healing | 1 | |
19 total
Chat log
(00:01 / All) nancypelosi: Wlep
(00:04 / Allies) Fym: hey
(00:08 / Allies) ShadowMage: should we rush
(00:11 / Allies) scnet43: ya
(00:16 / Allies) Fym: rifflers
(00:29 / Allies) ShadowMage: make it work
(00:44 / Allies) Fym: rush where?
(00:51 / Allies) Fym: k
(01:44 / All) eV.Sheriff: and you can do this ooo baby if you tryyyy all that i want from u my sonnn is too beee satttisssfiedddd and be aaaa simpleee
(02:08 / Allies) Fym: 3 humans lol
(02:20 / All) nancypelosi: Im Gay, Irl.
(02:27 / Allies) ShadowMage: make this work
(02:37 / Allies) ShadowMage: if rush fails we lose
(02:39 / All) eV.Sheriff: ewww gay cooties
(04:02 / Allies) Fym: go soon?
(04:05 / Allies) scnet43: yah go now
(04:12 / Allies) Fym: where?
(04:21 / Allies) Fym: omw
(04:23 / Allies) ShadowMage: yellow inc hero
(04:28 / Allies) Fym: meet
(04:54 / Allies) nancypelosi: get ready to move your gold makers yellow
(05:56 / Allies) Fym: got defend?
(06:57 / All) Fym: lol
(06:59 / All) Fym: blue
(07:04 / All) Fym: oj
(07:12 / Allies) nancypelosi: alter
(07:14 / Allies) Fym: altar
(08:03 / Allies) Fym: k
(08:10 / Allies) Fym: fast
(08:11 / Allies) Fym: lol
(08:12 / Allies) Fym: towered
(08:20 / Allies) Fym: defend
(08:46 / Allies) Fym: altar
(09:25 / All) scnet43: nice game
(09:31 / All) scnet43: no one expects rush here
(09:36 / All) KNIFE]NOOBELF: you lose
(09:40 / Allies) Fym: we outmicroed them beastly in the rush haha
(09:55 / Allies) Fym: cut off entirely
(10:32 / Allies) Fym: stay together
(10:37 / Allies) Fym: dont let them win 1v4
(11:41 / All) Fym: thats it?
(12:23 / Allies) Fym: we need more aa
(12:54 / Allies) Fym: tp!
(13:02 / Allies) scnet43: leave it
(13:03 / Allies) Fym: dont
(13:03 / Allies) Fym: wow
(13:04 / Allies) nancypelosi: after all aco tp
(13:06 / Allies) scnet43: tp next
(13:10 / Allies) Fym: too late lol
(13:13 / Allies) Fym: ty
(13:20 / Allies) Fym: get aa
(13:20 / Allies) scnet43: shit teal we need u man
(13:31 / Allies) Fym: ill fucking tell you right now, dont get any melee, get fucking aa
(13:41 / Allies) Fym: were not losing this because you dont listen
(13:45 / Allies) scnet43: tp1111
(13:50 / Allies) Fym: nono
(13:52 / Allies) Fym: tp teal
(13:53 / Allies) scnet43: kk
(14:01 / Allies) Fym: BACK!
(14:02 / Allies) Fym: BACK!@
(14:17 / Allies) Fym: OUT
(14:21 / Allies) scnet43: OUT
(14:26 / Allies) Fym: TEAL!
(14:29 / Allies) Fym: wtf?
(14:31 / Allies) Fym: you have 10 fiends
(14:35 / Allies) Fym: where your fucking units?
(14:54 / Allies) Fym: wow
(14:56 / Allies) Fym: no hammer yellow?
(15:01 / Allies) Fym: you had full mana
(15:04 / Allies) Fym: lol
(15:12 / Allies) scnet43: sry was looking somewhrer else
(15:14 / Allies) Fym: gold for main?
(15:18 / Allies) Fym: come on guys
(15:19 / Allies) Fym: dont fail me
(15:23 / Allies) Fym: got tanks rdy?
(15:23 / Allies) scnet43: gold wood for tanks
(15:34 / Allies) Fym: no main
(15:38 / Allies) Fym: no nothing
(15:49 / Allies) Fym: meet
(15:58 / Allies) scnet43: BACK TEAL
(16:04 / Allies) Fym: TEAL!
(16:08 / All) Fym: we lost.. teals on our team
(16:17 / All) KNIFE]NOOBELF: you lost
(16:19 / Allies) Fym: no aa
(16:19 / Allies) ShadowMage: \figth noobs
(16:21 / Allies) Fym: fuck you guys
(16:21 / Allies) Fym: wtf?
(16:24 / Allies) Fym: you fucking suck
(16:29 / Allies) Fym: GET AA
(16:33 / Allies) Fym: fucking homos
(16:35 / All) KNIFE]NOOBELF: there is a reason this isnt a rush map
(16:36 / Allies) scnet43: wait for aa then
(16:39 / Allies) scnet43: we ned tanks
(16:42 / Allies) scnet43: and im getting
(16:45 / Allies) Fym: why dont you have tanks already?
(16:45 / Allies) scnet43: camp my vase
(16:48 / Allies) Fym: you knew it
(16:54 / Allies) Fym: gold me for tp
(16:57 / Allies) Fym: or i cant help at all
(16:59 / Allies) scnet43: holy fuk teal
(17:04 / Allies) scnet43: camp
(17:20 / Allies) scnet43: camp
(17:36 / Allies) Fym: cant help you
(17:38 / Allies) Fym: you failed me
(17:38 / Allies) scnet43: we lost to gay mass air
(17:39 / Allies) Fym: lol
(17:41 / Allies) Fym: you all blow so hard
(17:46 / Allies) Fym: i did mass aa
(17:49 / Allies) Fym: you went melee haha
(17:51 / Allies) Fym: you noobs
(17:55 / Allies) ShadowMage: FIGTH
(17:57 / Allies) scnet43: flying machines do shit all
(18:02 / Allies) Fym: they had ud.. everybody knows
(19:37 / Allies) scnet43: k meet all plz
(19:59 / Allies) scnet43: teal more aco
(20:20 / Allies) Fym: lol, i hammered all wyrms.. gj yellow, the mks helped :)
(20:31 / Allies) scnet43: ya we suck right
(20:35 / Allies) Fym: we do
(20:36 / Allies) scnet43: :P
(20:38 / Allies) Fym: that was so obvious
(20:41 / Allies) scnet43: we won with no aa
(20:45 / Allies) Fym: seriously
(20:49 / Allies) Fym: oj is such a fag
(20:55 / Allies) Fym: thats why i got mad, dont wanna lose to that cunt
(21:02 / Allies) Fym: hammer
(21:05 / Allies) nancypelosi: lets go
(21:29 / Allies) Fym: teal
(21:31 / Allies) Fym: get units
(21:33 / Allies) Fym: mass gargs please
(21:51 / Allies) ShadowMage: you have 3 riflefs, good job
(21:55 / Allies) ShadowMage: how can i be as good as you
(22:01 / Allies) Fym: i lost my main -.-
(22:03 / Allies) Fym: thanks for helping
(22:06 / All) KNIFE]NOOBELF: "thats it?" - pink
(22:30 / All) Fym: i wouldve expected more from you
(22:42 / Allies) Fym: go after this
(22:45 / Allies) Fym: dont lose heroes
(22:57 / Allies) Fym: gogo
(23:02 / Allies) Fym: its all towered im sure
(23:07 / Allies) Fym: 6 wyrms again
(23:08 / Allies) Fym: omfg
(23:36 / Allies) scnet43: ALTAR
(23:41 / Allies) Fym: altar
(23:56 / Allies) Fym: lol
(25:07 / Allies) Fym: wow you guys.. thought you knew better
(25:14 / All) nancypelosi: gg :D
(25:15 / All) Fym: what a petty team :D